 Dungeon Crawl Stone Soup version 0.25-a0-356-g7c9d860b3b (webtiles) character file.

Game seed: 8632542132432919196, levelgen mode: deterministic

134542 bambie the Severer (level 17, -3/156 HPs)
             Began as a Naga Fighter on Jan 3, 2020.
             Was the Champion of Dithmenos.
             Hit by a silver javelin thrown by a merfolk javelineer (9 damage)
             ... on level 4 of the Shoals.
             The game lasted 02:01:26 (31969 turns).

bambie the Severer (Naga Fighter)                  Turns: 31969, Time: 02:01:26

Health: -3/156     AC: 30    Str: 23    XL:     17   Next: 17%
Magic:  23/23      EV:  4    Int: 11    God:    Dithmenos [******]
Gold:   949        SH: 19    Dex: 11    Spells: 16/16 levels left

rFire    . . .     SeeInvis +   a - +8 broad axe (venom)
rCold    + . .     Gourm    .   F - +2 large shield {rC+}
rNeg     . . .     Faith    .   G - +4 scale mail "Haucodub" {rElec rPois Slay+5 Stlth+}
rPois    +         Spirit   .   P - +2 hat
rElec    +         Reflect  .   n - +1 cloak
rCorr    +         Harm     .   X - +1 pair of gloves
MR       ++++.     Clarity  +   U - +2 naga barding {Stlth+}
Stlth    +++++++...             w - amulet of rage
HPRegen  0.36/turn              D - ring of resist corrosion
MPRegen  0.18/turn              K - ring of protection from magic

@: lethally poisoned (-3 -> -3), very slightly contaminated, wreathed by umbra,
very slow
A: large, see invisible, clarity, deformed body, magic resistance 1, poison
resistance, slowness 2, slow metabolism 1, spit poison 1, evolution 2, subdued
magic 1, MP-powered wands, constrict 1, AC +5
a: Spit Poison, Shadow Step, Shadow Form, Renounce Religion, Evoke Berserk Rage


You were on level 4 of the Shoals.
You worshipped Dithmenos.
Dithmenos was exalted by your worship.
You were not hungry.

You visited 5 branches of the dungeon, and saw 28 of its levels.
You also visited: Ice Cave.

You collected 2600 gold pieces.
You spent 1651 gold pieces at shops.

Inventory:

Hand Weapons
 a - a +8 broad axe of venom (weapon)
 b - the +8 hand axe "Meoredal" {chop, Dex+6}
   (You took it off an orc on level 11 of the Dungeon)

   It inflicts extra damage upon your enemies.
   It affects your dexterity (+6).
 O - a +3 scimitar of flaming
Missiles
 s - 9 poisoned darts
 t - 19 javelins (quivered)
 v - 52 boomerangs
 A - 3 throwing nets
 M - 4 boomerangs of dispersal
Armour
 n - a +1 cloak (worn)
 F - a +2 large shield of cold resistance (worn)
 G - the +4 scale mail "Haucodub" (worn) {rElec rPois Slay+5 Stlth+}
   (You bought it in a shop on level 7 of the Dungeon)

   It affects your accuracy and damage with ranged weapons and melee attacks
   (+5).
   It insulates you from electricity.
   It protects you from poison.
   It makes you more stealthy.
 P - a +2 hat (worn)
 U - a +2 naga barding of stealth (worn)
 X - a +1 pair of gloves (worn)
Jewellery
 w - an amulet of rage (around neck)
 C - an uncursed ring of flight
 D - a ring of resist corrosion (left hand)
 K - a ring of protection from magic (right hand)
Wands
 h - a wand of polymorph (34)
 p - a wand of scattershot (9)
 q - a wand of enslavement (10)
 y - a wand of acid (13)
 H - a wand of iceblast (14)
 L - a wand of disintegration (11)
 T - a wand of paralysis (21)
Scrolls
 e - 2 scrolls of fear
 g - a scroll of summoning
 j - 3 scrolls of magic mapping
 m - 16 scrolls of remove curse
 x - 3 scrolls of fog
 B - 3 scrolls of enchant armour
 E - 12 scrolls of teleportation
 J - 5 scrolls of identify
 Z - a scroll of silence
Potions
 c - 3 potions of invisibility
 d - 4 potions of might
 i - a potion of resistance
 k - 9 potions of curing
 l - a potion of agility
 o - 2 potions of berserk rage
 r - 2 potions of flight
 u - 4 potions of brilliance
 I - a potion of cancellation
 N - 5 potions of haste
 Q - 5 potions of heal wounds
 R - 4 potions of lignification
 S - 4 potions of magic
 Y - 4 potions of ambrosia
Miscellaneous
 V - a phantom mirror
Comestibles
 f - 42 rations


   Skills:
 + Level 10.8 Fighting
 - Level 0.5 Long Blades
 + Level 16.0 Axes
 + Level 10.3 Throwing
 * Level 11.6 Armour
 - Level 6.3 Stealth
 + Level 9.4 Shields
 - Level 0.8 Unarmed Combat
 - Level 8.0 Invocations
 - Level 9.0 Evocations


You had 16 spell levels left.
You didn't know any spells.
Your spell library contained the following spells:

 Spells                   Type           Power        Failure   Level  Hunger
 Beastly Appendage        Tmut           #.....       92%         1    ##.....
 Magic Dart               Conj           #...         92%         1    ##.....
 Summon Small Mammal      Summ           #...         92%         1    ##.....
 Blink                    Tloc           N/A          98%         2    ###....
 Call Imp                 Summ           #.......     98%         2    ###....
 Slow                     Hex            #.......     98%         2    ###....
 Sticks to Snakes         Tmut           #.......     98%         2    ###....
 Call Canine Familiar     Summ           #.......     100%        3    ####...
 Conjure Flame            Conj/Fire      #.......     100%        3    ####...
 Mephitic Cloud           Conj/Pois/Air  #.......     100%        3    ####...
 Spider Form              Tmut/Pois      #.........   100%        3    ####...
 Static Discharge         Conj/Air       #.......     100%        3    ####...
 Summon Guardian Golem    Hex/Summ       #.......     100%        3    ####...
 Cause Fear               Hex            #.........   100%        4    #####..
 Ice Form                 Ice/Tmut       #.......     100%        4    #####..
 Summon Ice Beast         Ice/Summ       #.......     100%        4    #####..
 Summon Lightning Spire   Summ/Air       #.......     100%        4    #####..
 Blade Hands              Tmut           #.........   100%        5    ######.
 Bolt of Magma            Conj/Fire/Erth #.........   100%        5    ######.
 Iskenderun's Battlesphe  Conj/Chrm      #.......     100%        5    ######.
 Lightning Bolt           Conj/Air       #.........   100%        5    ######.
 Silence                  Hex/Air        #.........   100%        5    ######.
 Yara's Violent Unravell  Hex/Tmut       #.........   100%        5    ######.
 Deflect Missiles         Chrm/Air       #.........   100%        6    #######
 Iron Shot                Conj/Erth      #.........   100%        6    #######
 Orb of Destruction       Conj           #.........   100%        7    #######
 Spellforged Servitor     Conj/Summ      #.........   100%        7    #######
 Discord                  Hex            #.........   100%        8    #######
 Ignition                 Fire           #.........   100%        8    #######
 Shatter                  Erth           #.........   100%        9    #######
 Tornado                  Air            #.........   100%        9    #######


Dungeon Overview and Level Annotations

Branches:
Dungeon (15/15)            Temple (0/1) D:6            Lair (6/6) D:8
 Shoals (4/4) Lair:2        Snake (1/4) Lair:3        Slime (0/5) Lair:6
    Orc (2/2) D:10            Elf (0/3) Orc:2        Vaults (0/5) D:13
 Depths (0/5) D:15          IceCv (visited)

Altars:
Ashenzari
Dithmenos
Gozag
Ru
Sif Muna
Beogh

Shops:
D:7 [   D:9 *   D:11 [   D:12 !   Orc:2 *%%*!:[(

Portals:
Trove: D:10 (give 2 scrolls of acquirement)

Annotations:
D:14 exclusion: 2 downstairs, Roxanne
Lair:6 1 runed translucent door, Borgoz's ghost, journeyman GrBe


Innate Abilities, Weirdness & Mutations

You cannot wear boots.
Your serpentine skin is tough. (AC +5)
You have supernaturally acute eyesight. (SInv)
Armour fits poorly on your strangely shaped body.
Your system is resistant to poisons. (rPois)
You cover ground very slowly.
You have a slow metabolism.
You can spit poison.
You can use your snake-like lower body to constrict enemies.
You possess an exceptional clarity of mind.
You are resistant to hostile enchantments. (MR+)
You rapidly evolve.
Your spells are a little easier to cast, but a little less powerful.
You expend magic power (3 MP) to strengthen your wands.


Message History

* * * LOW HITPOINT WARNING * * *
The silver sears you!
* * * LOW HITPOINT WARNING * * *
The merfolk javelineer throws a javelin.
The javelin pierces through you but does no damage.
You hear a splash.
The merfolk throws a boomerang.
You block the boomerang.
The weapon returns to the merfolk!
The merfolk javelineer throws a silver javelin.
The silver javelin barely misses you.
The merfolk hits you but does no damage.
The merfolk throws a boomerang of dispersal.
You block the boomerang of dispersal.
A sea snake comes into view.
There is a stone staircase leading up here.
Okay, then.
You feel sick.
The merfolk javelineer throws a silver javelin.
The silver javelin pierces through you!
You die...

≈(............≈≈≈≈
#≈.....§....≈≈≈≈≈
.#.m≈mtm.§.§.≈≈≈≈≈
≈m...mm§§....≈≈≈≈≈
≈≈≈.§§m§mm...(≈≈≈≈
≈≈H≈§m###mm...≈≈≈≈
≈≈≈...##mmm..≈≈≈≈≈
≈≈≈.k..#.....≈≈≈≈≈
≈≈≈≈≈≈.@...##.≈≈≈.
≈≈≈≈≈≈...### #≈≈..
≈≈≈≈≈...## #(≈≈
≈≈≈≈≈≈..# ≈≈≈
≈≈≈(≈≈≈≈#
≈≈≈≈≈≈≈≈#
≈≈≈≈≈≈≈≈#
≈≈≈≈≈≈≈≈≈


You could see 3 merfolk javelineers, a wind drake (wandering), 5 merfolk and a
manticore.

Vanquished Creatures
  Rupert (Lair:3)
  A kraken (Shoals:2)
  A frost giant (IceCv)
  Louise (D:15)
  An orc warlord (Orc:2)
  2 merfolk javelineers
  Snorg (Lair:3)
  A yaktaur captain (D:15)
  2 merfolk impalers
  Harold (Lair:1)
  11 hydras
  2 merfolk avatars (Shoals:3)
  An anaconda (Snake:1)
  A merfolk aquamancer (Shoals:3)
  A death knight (D:14)
  4 catoblepae
  8 two-headed ogres
  2 dancing weapons (D:13)
  Erica (D:8)
  2 centaur warriors (D:15)
  A deep troll shaman (Lair:6)
  2 orc high priests (Orc:2)
  A satyr (Shoals:3)
  6 death yaks (Lair:6)
  A shock serpent (Snake:1)
  Nergalle (D:12)
  5 skeletal warriors (D:13)
  12 sea snakes
  3 unseen horrors
  A wizard (D:14)
  A wolf spider zombie (D:14)
  An orc knight (Orc:2)
  A wolf spider (D:15)
  A mana viper (Snake:1)
  6 ugly things
  9 manticores
  3 harpies (Shoals:4)
  11 fauns
  3 oklob plants
  An orc sorcerer (Orc:1)
  6 cyclopes
  5 deep elf magi
  12 black mambas
  4 centaur zombies
  2 ice statues (IceCv)
  7 elephants
  5 merfolk sirens
  8 spiny frogs
  4 water nymphs
  A gargoyle (D:11)
  A freezing wraith (D:15)
  A kobold demonologist (D:15)
  2 rime drakes
  A yaktaur (D:15)
  An efreet (D:8)
  4 komodo dragons
  2 ice devils (D:12)
  A tengu conjurer (D:15)
  3 trolls
  A merfolk (shapeshifter) (D:15)
  14 merfolk
  2 hornets (D:10)
  15 polar bears
  22 blink frogs
  9 slime creatures
  4 wind drakes
  4 snapping turtles
  13 hippogriffs
  A meliai zombie (D:14)
  The ghost of Borgoz the Cudgeler, an amateur GrGl (D:4)
  11 dream sheep
  A shadow (D:11)
  A spriggan (D:8)
  5 water elementals
  54 yaks
  7 wyverns
  A hog (shapeshifter) (D:14)
  4 wraiths
  A human (shapeshifter) (D:14)
  6 hungry ghosts
  4 wargs
  Menkaure (D:6)
  23 water moccasins
  An acid dragon (D:11)
  A naga (Snake:1)
  4 porcupines
  2 black bears (Lair:6)
  28 orc warriors
  2 sky beasts
  7 ice beasts
  4 phantoms
  3 necrophages
  2 eyes of draining
  12 ogres
  19 wolves
  11 centaurs
  14 crocodiles
  5 big kobolds
  14 bullfrogs
  A wyvern skeleton (D:13)
  6 scorpions
  5 wights (D:13)
  2 howler monkeys
  3 electric eels (Lair:2)
  6 crimson imps
  A bullfrog zombie (D:12)
  14 hounds
  7 jellies
  10 centaur skeletons
  31 orc priests
  23 orc wizards
  2 bullfrog skeletons
  Jessica (D:2)
  6 iguanas
  12 worker ants
  2 human simulacra (D:9)
  2 hound skeletons
  A howler monkey zombie (D:5)
  4 gnolls (D:5)
  18 adders
  7 river rats (D:6)
  4 shadow imps
  An ooze (D:1)
  An adder skeleton (D:4)
  2 worms
  5 leopard geckos
  86 orcs
  2 ball pythons (Lair:3)
  7 giant cockroaches
  7 goblins
  8 hobgoblins
  15 jackals
  28 kobolds
  10 quokkas
  7 bats
  4 frilled lizards
  A leopard gecko skeleton (D:5)
  26 rats
  4 fungi
  7 plants
  3 tentacles (Shoals:2)
911 creatures vanquished.

Vanquished Creatures (others)
  3 fungi
  3 plants
  10 tentacles (Shoals:2)
  2 withered plants (Lair:6)
18 creatures vanquished.

Grand Total: 929 creatures vanquished

Notes
Turn   | Place    | Note
-------+----------+-------------------------------------------
     0 | D:1      | bambie the Naga Fighter began the quest for the Orb.
     0 | D:1      | Reached XP level 1. HP: 21/21 MP: 1/1
   102 | D:1      | Reached XP level 2. HP: 28/28 MP: 2/2
   654 | D:1      | Reached XP level 3. HP: 34/34 MP: 3/3
  1300 | D:2      | Noticed Jessica
  1301 | D:2      | Killed Jessica
  1301 | D:2      | Reached XP level 4. HP: 39/42 MP: 4/4
  1343 | D:2      | Reached skill level 3 in Axes
  1579 | D:2      | Found a shattered altar of Ashenzari.
  1755 | D:2      | Found a shadowy altar of Dithmenos.
  2120 | D:2      | Became a worshipper of Dithmenos the Shadowed
  2422 | D:3      | Reached XP level 5. HP: 49/49 MP: 5/5
  2893 | D:4      | Noticed a phantom
  2899 | D:4      | Noticed an ogre
  2905 | D:4      | Killed an ogre
  2905 | D:4      | Reached skill level 4 in Axes
  2905 | D:4      | Reached skill level 1 in Evocations
  2905 | D:4      | Reached XP level 6. HP: 56/56 MP: 6/6
  3188 | D:4      | Found a runed translucent gate.
  3189 | D:4      | Found a runed translucent gate.
  3189 | D:4      | Found an opulent altar of Gozag.
  3189 | D:4      | Found a runed translucent gate.
  3196 | D:4      | Noticed Borgoz's ghost (amateur GrGl)
  3259 | D:4      | You fall into a shaft and drop 3 floors!
  3264 | D:7      | Noticed a hippogriff
  3359 | D:7      | Killed a hippogriff
  3359 | D:7      | Reached skill level 5 in Axes
  3359 | D:7      | Reached skill level 1 in Throwing
  3359 | D:7      | Reached XP level 7. HP: 63/63 MP: 8/8
  3379 | D:7      | Found Roczeq's Antique Armour Boutique.
  3587 | D:7      | Reached * piety under Dithmenos
  4137 | D:6      | Reached XP level 8. HP: 62/72 MP: 10/10
  4185 | D:5      | Entered Level 5 of the Dungeon
  4379 | D:5      | Reached skill level 6 in Axes
  5584 | D:5      | Reached skill level 7 in Axes
  5939 | D:5      | Reached XP level 9. HP: 77/79 MP: 12/12
  6574 | D:6      | Found a staircase to the Ecumenical Temple.
  6587 | D:6      | Reached ** piety under Dithmenos
  6587 | D:6      | Reached skill level 5 in Armour
  6623 | D:6      | Noticed Menkaure
  6634 | D:6      | Killed Menkaure
  6782 | D:6      | Gained mutation: You have a pair of small horns on your
                  | head. [potion of mutation]
  6782 | D:6      | Gained mutation: Your spells are a little easier to cast,
                  | but a little less powerful. [potion of mutation]
  6782 | D:6      | Gained mutation: You evolve. [potion of mutation]
  7041 | D:6      | Reached skill level 5 in Fighting
  7141 | D:6      | Reached *** piety under Dithmenos
  7493 | D:7      | Reached skill level 5 in Evocations
  7531 | D:7      | Reached skill level 8 in Axes
  8122 | D:7      | Bought an ancient scale mail for 270 gold pieces
  8132 | D:7      | Identified the +4 scale mail "Haucodub" {rElec rPois Slay+5
                  | Stlth+} (You bought it in a shop on level 7 of the Dungeon)
  8157 | D:8      | Noticed Erica
  8171 | D:8      | Killed Erica
  8171 | D:8      | Reached XP level 10. HP: 88/88 MP: 12/14
  8293 | D:8      | Found a staircase to the Lair.
  8877 | D:8      | Reached skill level 9 in Axes
  9484 | D:9      | Found Biyju's Assorted Antiques.
  9494 | D:9      | Bought a blue potion for 27 gold pieces
  9494 | D:9      | Bought a metallic green potion for 27 gold pieces
  9649 | D:9      | Gained mutation: You possess an exceptional clarity of
                  | mind. [evolution]
  9680 | D:9      | Reached **** piety under Dithmenos
  9989 | D:9      | Bought a metallic green potion for 27 gold pieces
 10005 | D:10     | Entered Level 10 of the Dungeon
 10052 | D:10     | Noticed an unseen horror
 10056 | D:10     | Killed an unseen horror
 10403 | D:10     | Reached XP level 11. HP: 96/96 MP: 15/15
 10412 | D:10     | Noticed a brown ugly thing
 10425 | D:10     | Killed a brown ugly thing
 10425 | D:10     | Reached skill level 10 in Axes
 10489 | D:10     | Found a staircase to the Orcish Mines.
 10759 | D:10     | Found a portal to a secret trove of treasure.
 10768 | D:10     | Gained mutation: You expend magic power (3 MP) to
                  | strengthen your wands. [evolution]
 11530 | D:11     | Identified the +8 hand axe "Meoredal" {chop, Dex+6}
 11541 | D:11     | Reached skill level 5 in Shields
 11703 | D:11     | Reached ***** piety under Dithmenos
 11724 | D:11     | Noticed a catoblepas
 11728 | D:11     | Noticed a manticore
 11739 | D:11     | Killed a catoblepas
 11864 | D:11     | Killed a manticore
 12230 | D:11     | Found Qithascha's Armour Boutique.
 12234 | D:11     | Bought a +1 naga barding of stealth for 490 gold pieces
 12428 | D:11     | Got a shimmering ring mail
 12448 | D:12     | Noticed a cyclops
 12451 | D:12     | Noticed Nergalle
 12455 | D:12     | Killed a cyclops
 12466 | D:12     | Noticed a spectral orc warlord
 12468 | D:12     | Killed Nergalle
 12468 | D:12     | Reached skill level 11 in Axes
 12501 | D:12     | Found a frozen archway.
 12513 | D:12     | Reached XP level 12. HP: 88/105 MP: 17/17
 12578 | IceCv    | Entered an ice cave
 12670 | IceCv    | Reached skill level 5 in Throwing
 13829 | IceCv    | Noticed a frost giant
 13837 | IceCv    | Killed a frost giant
 14105 | IceCv    | Lost mutation: You have a pair of small horns on your head.
                  | [evolution]
 14464 | D:12     | Noticed a two-headed ogre
 14476 | D:12     | Killed a two-headed ogre
 14793 | D:12     | Found Piveb's Distillery.
 14999 | D:12     | Reached skill level 12 in Axes
 15049 | D:12     | Gained mutation: You can use your snake-like lower body to
                  | constrict enemies. [Naga growth]
 15049 | D:12     | Reached XP level 13. HP: 106/115 MP: 19/19
 15798 | D:13     | Found a gate to the Vaults.
 16989 | D:14     | Reached XP level 14. HP: 126/126 MP: 20/20
 17092 | D:14     | Reached skill level 13 in Axes
 17182 | D:14     | Reached ****** piety under Dithmenos
 17214 | D:14     | Identified Roxanne's Disquisition on Transmigration
 17214 | D:14     | Noticed Roxanne
 17263 | D:14     | Found a sacrificial altar of Ru.
 17472 | D:14     | Identified the cursed +0 ring mail "Lope" {Int+4} (You
                  | found it on level 11 of the Dungeon)
 17492 | D:15     | Entered Level 15 of the Dungeon
 17631 | D:14     | Reached skill level 1 in Invocations
 18400 | D:15     | Noticed Louise
 18410 | D:15     | Killed Louise
 18412 | D:15     | Found a staircase to the Depths.
 18415 | D:15     | Reached skill level 10 in Armour
 19452 | Lair:1   | Entered Level 1 of the Lair of Beasts
 19569 | D:4      | Killed Borgoz's ghost
 19930 | Lair:1   | Found a shimmering blue altar of Sif Muna.
 20222 | Lair:1   | Noticed Harold
 20236 | Lair:1   | Killed Harold
 20764 | Lair:2   | Reached XP level 15. HP: 135/135 MP: 21/21
 20872 | Lair:2   | Reached skill level 14 in Axes
 21116 | Lair:2   | Found a staircase to the Shoals.
 21734 | Lair:3   | Noticed Snorg
 21750 | Lair:3   | Killed Snorg
 21804 | Lair:3   | Found a staircase to the Snake Pit.
 21838 | Lair:3   | Noticed Rupert
 21848 | Lair:3   | Killed Rupert
 21848 | Lair:3   | Reached skill level 5 in Invocations
 22964 | Lair:4   | Identified the +4 helmet of Melancholy {Dex+3} (You found
                  | it on level 4 of the Lair of Beasts)
 24757 | Lair:6   | Entered Level 6 of the Lair of Beasts
 25097 | Lair:6   | Found a runed translucent door.
 25097 | Lair:6   | Noticed Borgoz's ghost (journeyman GrBe)
 25176 | Lair:6   | Reached skill level 10 in Fighting
 25284 | Lair:6   | Gained mutation: You rapidly evolve. [evolution]
 25298 | Lair:6   | Reached skill level 5 in Stealth
 25306 | Lair:6   | Reached skill level 15 in Axes
 25306 | Lair:6   | Reached XP level 16. HP: 66/146 MP: 22/22
 25845 | Lair:6   | Found a staircase to the Slime Pits.
 26103 | Orc:1    | Entered Level 1 of the Orcish Mines
 26486 | Orc:1    | Found a roughly hewn altar of Beogh.
 26722 | Orc:2    | Entered Level 2 of the Orcish Mines
 26722 | Orc:2    | Found Lotim's General Store.
 26723 | Orc:2    | Found Pefiq's Food Emporium.
 26726 | Orc:2    | Bought a scroll of blinking for 105 gold pieces
 26729 | Orc:2    | Found Adoletype's Book Shop.
 26851 | Orc:2    | Found Getod's Food Boutique.
 26936 | Orc:2    | Found a staircase to the Elven Halls.
 26987 | Orc:2    | Found a roughly hewn altar of Beogh.
 27017 | Orc:2    | Found a roughly hewn altar of Beogh.
 27018 | Orc:2    | Found Teurphiz's Distillery.
 27050 | Orc:2    | Bought a potion of haste for 160 gold pieces
 27050 | Orc:2    | Bought a potion of haste for 160 gold pieces
 27050 | Orc:2    | Bought a potion of heal wounds for 80 gold pieces
 27112 | Orc:2    | Found a roughly hewn altar of Beogh.
 27184 | Orc:2    | Found a roughly hewn altar of Beogh.
 27185 | Orc:2    | Found Ruatofack's Assorted Antiques.
 27214 | Orc:2    | Bought a scroll labeled MIECOAD CANUHAUB for 30 gold pieces
 27362 | Orc:2    | Found Odaw's Antique Weapon Shop.
 27365 | Orc:2    | Found a roughly hewn altar of Beogh.
 27452 | Orc:2    | Found Wefe's Antique Armour Boutique.
 27467 | Orc:2    | Bought a faintly humming shield for 275 gold pieces
 27467 | Orc:2    | Identified the cursed -3 shield of the Ban {Str+4} (You
                  | bought it in a shop on level 2 of the Orcish Mines)
 27613 | Orc:2    | Found a roughly hewn altar of Beogh.
 27870 | Snake:1  | Entered Level 1 of the Snake Pit
 28187 | Shoals:1 | Entered Level 1 of the Shoals
 29785 | Shoals:2 | Found a shattered altar of Ashenzari.
 30039 | Shoals:2 | Noticed a kraken
 30105 | Shoals:2 | Killed a kraken
 30359 | Shoals:3 | Reached skill level 10 in Throwing
 30522 | Shoals:3 | Gained mutation: You are resistant to hostile enchantments.
                  | (MR+) [evolution]
 30750 | Shoals:3 | Reached XP level 17. HP: 76/154 MP: 23/23
 31383 | Shoals:4 | Entered Level 4 of the Shoals
 31391 | Shoals:4 | Reached skill level 16 in Axes
 31968 | Shoals:4 | HP: 7/156 [merfolk javelineer/silver javelin (1)]
 31969 | Shoals:4 | Hit by a silver javelin thrown by a merfolk javelineer

Levels and vault maps discovered:
D:1:      dpeg_arrival_shrine, layout_basic
D:2:      layout_basic, overflow_temple_1_default,
          nicolae_dithmenos_through_a_glass_darkly, uniq_jessica
D:3:      layout_loops_ring, first_ration, nrook_uturn,
          kennysheep_big_empty_room
D:4:      layout_loops_corners, ebering_ghost_gozag
D:5:      layout_gridville
D:6:      lemuel_ratsnest, layout_rooms, temple_fountains, uniq_menkaure
D:7:      layout_loops_corners, serial_shops, shop
D:8:      minmay_razor_zed, layout_rooms, erik_lair_orcish_takeover, the_bakery,
          wad_mini_maze, uniq_erica
D:9:      layout_cave_pools, serial_shops, shop, bh_circular_ruins
D:10:     layout_roguey, erik_orc_3, enter_trove_3, serial_corexii_hall,
          chequers_hall_statues_corner_a, corexii_hall_statues_t,
          chequers_hall_statues_corner_a, chequers_hall_statues_wall_a,
          grunt_decor_resistance, chequers_serial_rivers_small_3
D:11:     nzn_motion_control, layout_loops_ring, serial_shops,
          nicolae_shop_stone
D:12:     layout_long_grid, portal_ice_cave_demonic_guard, serial_shops, shop,
          uniq_nergalle
D:13:     layout_roguey, erik_vaults_1, nicolae_twisting_strands
D:14:     layout_cave_pools, nicolae_ru_sacrificial_ziggurat, uniq_roxanne
D:15:     grunt_enter_depths_snipers, layout_cave_pools, serial_bayou_pond_e,
          uniq_louise
Lair:1:   layout_regular_city, lemuel_oklob_altar, uniq_harold
Lair:2:   layout_loops_ring, elwin_shoals_entry_rooms, serial_bayou,
          serial_bayou_shore_b, serial_bayou_shore_a, serial_bayou_pond_d,
          serial_bayou_pond_b, grunt_megastairs_2, lemuel_fruit_tree
Lair:3:   layout_concentric_octagons, minmay_snake_entry_six_corridors,
          chequers_serial_rivers_micro_b, chequers_serial_rivers_micro_e,
          uniq_snorg, uniq_rupert
Lair:4:   layout_regular_city, chequers_serial_rivers_micro_b,
          minmay_shattered_shrine
Lair:5:   layout_small_grid, grunt_megastairs_5
Lair:6:   grunt_lair_end_beastmaster, layout_long_grid,
          minmay_slime_entry_oklob_enclosed, gammafunk_ghost_grave,
          lookout_lair_type, grunt_megastairs_3
Shoals:1: layout_shoals
Shoals:2: layout_shoals, wheals_shoals_ruined_temple
Shoals:3: layout_shoals
Shoals:4: shoals_end_simple, layout_shoals, serial_shops, shop
Snake:1:  layout_rooms, gammafunk_ghost_cemetery
Orc:1:    layout_diamond_mine, minmay_orc_temple_b
Orc:2:    grunt_orc_community_town_hall, layout_diamond_mine,
          grunt_orc_community_big_house_1, grunt_orc_community_big_house_1,
          grunt_orc_community_house_3, grunt_orc_community_house_1,
          grunt_orc_community_house_2, grunt_orc_community_house_2,
          grunt_orc_community_house_3, grunt_orc_community_house_1,
          serial_shops, shop, shop, shop, nicolae_shop_stone

Skill      XL: |  1  2  3  4  5  6  7  8  9 10 11 12 13 14 15 16 17 |
---------------+----------------------------------------------------+-----
Shields        | 3 4 5 7 8 9 |  9.4
Axes           | 3 4 5 7 8 9 11 12 13 15 16 | 16.0
Armour         | 3 4 5 6 7 8 9 10 11 | 11.6
Evocations     | 1 2 4 5 6 7 9 |  9.0
Throwing       | 1 2 3 4 6 7 9 10 | 10.3
Fighting       | 4 5 6 7 8 9 10 | 10.8
Stealth        | 2 4 5 6 |  6.3
Invocations    | 4 6 8 |  8.0
Long Blades    | |  0.5
Unarmed Combat | |  0.8

Action                   |  1- 3 |  4- 6 |  7- 9 | 10-12 | 13-15 | 16-18 || total
-------------------------+-------+-------+-------+-------+-------+-------++-------
Melee: War axe           |   125 |   133 |   358 |   117 |       |       ||   733
       Headbutt          |       |       |    27 |   105 |       |       ||   132
       Unarmed           |       |       |     9 |       |       |       ||     9
       Broad axe         |       |       |       |   217 |   550 |   397 ||  1164
       Hand axe          |       |       |       |   202 |   191 |       ||   393
       Constrict         |       |       |       |       |   158 |   105 ||   263
       Scimitar          |       |       |       |       |    36 |     1 ||    37
Throw: Dart              |       |    11 |    32 |    90 |   173 |    94 ||   400
       Boomerang         |       |       |    38 |    41 |   133 |    64 ||   276
       Javelin           |       |       |       |       |       |     2 ||     2
 Abil: Spit Poison       |     2 |     9 |    16 |    14 |     5 |       ||    46
       Evoke Berserk Rag |       |     2 |     6 |     6 |     6 |     1 ||    21
       Evoke Flight      |       |       |       |     1 |       |       ||     1
Evoke: Wand              |       |       |     1 |     4 |     1 |       ||     6
  Use: Scroll            |       |     8 |     2 |    21 |    17 |     6 ||    54
       Potion            |       |       |     1 |     3 |     1 |     2 ||     7
 Stab: Sleeping          |       |       |       |    15 |    36 |    20 ||    71
       Distracted        |       |       |       |       |     2 |       ||     2
  Eat: Chunk             |     1 |     7 |    16 |    24 |    28 |    18 ||    94
       Ration            |       |       |     1 |     2 |     2 |       ||     5
Armor: Scale mail        |    78 |    88 |    99 |   239 |   339 |   188 ||  1031
       Chain mail        |       |       |    51 |       |       |       ||    51
Dodge: Dodged            |    36 |    38 |    86 |    67 |    48 |    44 ||   319
Block: Shield            |    68 |    90 |   148 |   170 |       |       ||   476
       Large shield      |       |       |       |    25 |   568 |   382 ||   975
       Rpst.: Scimitar   |       |       |       |       |     1 |       ||     1

Table legend:
 A = Non-vault XP
 B = Vault XP
 C = Vault XP percentage of total XP
 D = Non-vault monster count
 E = Vault monster count
 F = Vault count percentage of total count
                 A         B        C        D         E       F
            +---------+---------+-------+---------+---------+-------
      Total |  133232 |   58972 |  30.7 |     625 |     272 |  30.3
            +---------+---------+-------+---------+---------+-------
        D:1 |      35 |       0 |   0.0 |      20 |       0 |   0.0
        D:2 |      69 |      37 |  34.9 |      32 |       1 |   3.0
        D:3 |      60 |       0 |   0.0 |      22 |       0 |   0.0
        D:4 |     775 |     286 |  27.0 |      19 |       3 |  13.6
        D:5 |     759 |       0 |   0.0 |      21 |       0 |   0.0
        D:6 |     364 |     665 |  64.6 |       7 |      31 |  81.6
        D:7 |    1076 |       0 |   0.0 |      25 |       0 |   0.0
        D:8 |     640 |    2457 |  79.3 |      13 |      18 |  58.1
        D:9 |    1009 |      43 |   4.1 |      14 |       3 |  17.6
       D:10 |    3388 |     615 |  15.4 |      20 |      19 |  48.7
       D:11 |    3113 |    1455 |  31.9 |      33 |       2 |   5.7
       D:12 |    7191 |    1518 |  17.4 |      30 |       3 |   9.1
       D:13 |   11768 |    1808 |  13.3 |      38 |       2 |   5.0
       D:14 |   16438 |       0 |   0.0 |      51 |       0 |   0.0
       D:15 |    9221 |    3957 |  30.0 |      23 |       4 |  14.8
     Lair:1 |    4578 |    1503 |  24.7 |      19 |       2 |   9.5
     Lair:2 |    4124 |    1505 |  26.7 |      21 |       7 |  25.0
     Lair:3 |    1399 |    5799 |  80.6 |       4 |      20 |  83.3
     Lair:4 |    7771 |    4813 |  38.2 |      31 |      10 |  24.4
     Lair:5 |    6523 |     268 |   3.9 |      29 |       2 |   6.5
     Lair:6 |    4770 |   11549 |  70.8 |      16 |      23 |  59.0
   Shoals:1 |   11227 |       0 |   0.0 |      25 |       0 |   0.0
   Shoals:2 |    8276 |    2600 |  23.9 |      17 |       2 |  10.5
   Shoals:3 |   18092 |     533 |   2.9 |      38 |       1 |   2.6
   Shoals:4 |    4766 |       0 |   0.0 |      10 |       0 |   0.0
    Snake:1 |    3738 |       0 |   0.0 |       7 |       0 |   0.0
      Orc:1 |    1416 |     365 |  20.5 |      26 |      12 |  31.6
      Orc:2 |     646 |    7625 |  92.2 |      14 |      71 |  83.5
      IceCv |       0 |    9571 | 100.0 |       0 |      36 | 100.0
            +---------+---------+-------+---------+---------+-------
